AoeStats
← PanicWaller

African Clearing

513243444Analyzed
2v2 RM · 3d ago on Oct 12, 2026· 27m 8s· 4 players
Game mode
Random Map
Map size
Medium (4 player)
Population
200
Speed
Normal
Resources
Standard
Victory
Conquest
Starting age
Dark Age
Ending age
Imperial Age
RankedLock teamsTeams togetherTeam positionsShared explorationLock speedFull tech treeHidden civsTurbo modeCheats
Victory
Defeat
🇧🇷 Malians · Brazil
1550
+12
🇧🇷 Koreans · Brazil
1330
+22
vs
🇩🇪 Franks · Germany
1508
-19
🇹🇷 Mongols · Türkiye
1414
-15
dUdUPitBuLL
12:53 Feudal Age
17:09 Castle Age
14:57 Loom
15:36 Stone Mining
16:28 Fletching
22:53 Double-Bit Axe
23:31 Bodkin Arrow
GAX | Ry4n
9:57 Loom
12:12 Feudal Age
12:39 Double-Bit Axe
12:50 Horse Collar
14:22 Wheelbarrow
22:00 Castle Age
20:30 Forging
21:05 Bloodlines
21:22 Scale Barding Armor
24:02 Husbandry
BuzLu_MarPuç
3:03 Loom
11:41 Feudal Age
12:40 Double-Bit Axe
13:55 Town Watch
16:57 Fletching
17:49 Forging
25:19 Scale Mail Armor
PanicWaller
6:49 Loom
12:05 Feudal Age
13:56 Town Watch
18:41 Double-Bit Axe
20:30 Forging
20:26 Scale Barding Armor
28:08 Castle Age
Connection lost

Rejoining the realm…

Still unreachable

The connection could not be restored.

Session expired

The server has moved on; the page needs a fresh start.